 Dungeon Crawl Stone Soup version 0.19-a0-994-g3c636f0 (webtiles) character file.

133 MrRokkomies the Skirmisher (level 4, -7/38 HPs)
             Began as a Demigod Warper on July 15, 2016.
             Killed by divine providence
             ... invoked by an orc priest
              (15 damage)
             ... on level 3 of the Dungeon.
             The game lasted 00:05:42 (2449 turns).

MrRokkomies the Skirmisher (Demigod Warper)         Turns: 2449, Time: 00:05:44

Health: -7/38      AC:  6    Str: 14    XL:     4   Next: 63%
Magic:  9/9        EV: 11    Int: 19    God:
Gold:   90         SH:  0    Dex: 15    Spells: 3 memorised, 1 level left

rFire  . . .     SeeInvis .     a - +0 falchion
rCold  . . .     Gourm    .     v - +0 ring mail
rNeg   . . .     Faith    .     (no shield)
rPois  .         Spirit   .     g - +0 helmet
rElec  .         Dismiss  .     (no cloak)
rCorr  .         Reflect  .     (no gloves)
SustAt +         Harm     .     (no boots)
MR     .....                    (no amulet)
Stlth  +.........               (no ring)
                                (no ring)

@: very slightly contaminated, not resistant to hostile enchantments, very
unstealthy
A: high mp 1, sustain attributes
a: no special abilities


You were on level 3 of the Dungeon.
You were not hungry.

You visited 1 branch of the dungeon, and saw 3 of its levels.

You collected 90 gold pieces.

Inventory:

Hand Weapons
 a - a +0 falchion (weapon)
 b - a +0 hunting sling
Missiles
 e - 5 tomahawks of dispersal (quivered)
 o - 141 stones
 r - 38 arrows
 u - 16 sling bullets
Armour
 g - a +0 helmet (worn)
 v - a +0 ring mail (worn)
Scrolls
 d - a scroll of blinking
 i - 2 scrolls of teleportation
 j - 2 scrolls of remove curse
 n - 2 scrolls of identify
 s - a scroll of noise {unknown}
Potions
 h - a potion of agility
 k - a potion of curing
 l - a potion of brilliance {unknown}
 m - a potion of might {unknown}
 p - 2 potions of degeneration {unknown}
Books
 c - a book of Spatial Translocations

   Spells                             Type                      Level
   a - Apportation                    Translocation                1
   b - Blink                          Translocation                2
   c - Shroud of Golubria             Charms/Translocation         2
   d - Portal Projectile              Translocation                3
   e - Teleport Other                 Translocation                3
   f - Passage of Golubria            Translocation                4
Comestibles
 f - 2 bread rations
 q - a meat ration


   Skills:
 * Level 3.5 Fighting
 * Level 3.4 Long Blades
 - Level 0.8 Throwing
 - Level 0.8 Armour
 - Level 1.7 Dodging
 - Level 1.7 Spellcasting
 - Level 2.6 Translocations


You had one spell level left.
You knew the following spells:

 Your Spells              Type           Power        Failure   Level  Hunger
a - Apportation           Tloc           ##........   14%         1    #......
b - Shroud of Golubria    Chrm/Tloc      #.........   34%         2    ###....
c - Blink                 Tloc           N/A          21%         2    ###....


Dungeon Overview and Level Annotations

Branches:
Dungeon (3/15)


Innate Abilities, Weirdness & Mutations

You have an increased reservoir of magic. (+10% MP)
Your attributes are resistant to harm.


Message History

The orc priest is moderately wounded.
The orc hits you with a flail. The giant gecko misses you.
You riposte.
You closely miss the giant gecko. The orc priest barely misses you.
You riposte.
You closely miss the orc priest.
The orc priest is moderately wounded.
The orc hits you but does no damage.
You barely miss the orc priest.
The orc priest is moderately wounded.
The giant gecko barely misses you.
You riposte.
You hit the giant gecko.
You kill the giant gecko!
The orc completely misses you.
The orc priest miscasts a cantrip.
The orc hits you with a mace.
You hit the orc priest but do no damage.
The orc priest is moderately wounded.
The orc hits you with a flail.
* * * LOW HITPOINT WARNING * * *
The orc priest invokes the aid of Beogh against you.
Beogh smites you!
You die...

#.# #.# #.####.#
#......# #.###### #.#
####.# ..##.#
##########+####
#.##.#####..†..ooo......
..†......#.#####@.......
._..<..#.#.#####........
....>..........####+####
#..#.###.#.###.# ...#.#
#.#.###.# ##.#.#
#.#.....# #....
..#.....# ##...
###.###.# ... #.# #.##


You could see an orc priest and 2 orcs.

Vanquished Creatures
  Ijyb (D:2)
  5 adders
  2 worms (D:2)
  2 dart slugs (D:1)
  2 giant geckos
  2 ball pythons
  3 bats
  2 giant cockroaches (D:2)
  13 goblins
  5 hobgoblins
  A quokka (D:2)
  5 giant newts
  6 kobolds
  5 rats
54 creatures vanquished.

Notes
Turn   | Place    | Note
-------+----------+-------------------------------------------
     0 | D:1      | MrRokkomies the Demigod Warper began the quest for the Orb.
     0 | D:1      | Reached XP level 1. HP: 17/17 MP: 5/5
   329 | D:1      | Reached XP level 2. HP: 16/24 MP: 7/7
   352 | D:1      | Learned a level 2 spell: Shroud of Golubria
  1068 | D:2      | Reached XP level 3. HP: 20/30 MP: 8/8
  1157 | D:2      | Learned a level 2 spell: Blink
  1551 | D:2      | Noticed Ijyb
  1576 | D:2      | Killed Ijyb
  1576 | D:2      | Reached XP level 4. HP: 13/38 MP: 6/9
  2312 | D:3      | Found an opulent altar of Gozag.
  2449 | D:3      | Killed from afar by an orc priest

Vault maps used:
D:1:      eino_arrival_druids_welcome
D:2:      minmay_unequal, uniq_iyjb
D:3:      kennysheep_six_static_rooms, nicolae_gozag_seed_capital, uniq_sigmund,
          uniq_natasha

Skill      XL: |  1  2  3 |
---------------+----------+-----
Fighting       | 2 3 |  3.5
Long Blades    | 2 3 |  3.4
Throwing       | |  0.8
Armour         | |  0.8
Dodging        | |  1.7
Spellcasting   | |  1.7
Translocations | |  2.6

Action                   |  1- 3 |  4- 6 || total
-------------------------+-------+-------++-------
Melee: Falchion          |   170 |    69 ||   239
 Fire: Hunting sling     |     4 |       ||     4
 Cast: Shroud of Golubri |     6 |     1 ||     7
  Use: Scroll            |     5 |     2 ||     7
 Stab: Sleeping          |       |     1 ||     1
  Eat: Chunk             |     3 |     3 ||     6
Armor: Leather armour    |    45 |    14 ||    59
       Ring mail         |       |     6 ||     6
Dodge: Dodged            |    96 |    35 ||   131
